AoeStats
← GeneralPique

African Clearing

505138310Analyzed
3v3 RM · 23d ago on Sep 8, 2026· 96m 43s· 6 players
Game mode
Random Map
Map size
Normal (6 player)
Population
200
Speed
Normal
Resources
Standard
Victory
Conquest
Starting age
Dark Age
Ending age
Imperial Age
RankedLock teamsTeams togetherTeam positionsShared explorationLock speedFull tech treeHidden civsTurbo modeCheats
Victory
Defeat
🇺🇸 Poles · United States
942
+15
🇨🇱 Malians · Chile
901
+16
🇦🇷 Goths · Argentina
804
+21
🇻🇪 Mapuche · Venezuela
943
-19
🇦🇷 Franks · Argentina
923
-18
🇦🇷 Mongols · Argentina
849
-15
joaquinrainone
3:34 Loom
15:16 Feudal Age
20:02 Castle Age
18:11 Double-Bit Axe
18:23 Horse Collar
19:04 Town Watch
20:05 Wheelbarrow
20:00 Gold Mining
20:03 Stone Mining
21:59 Bow Saw
22:28 Heavy Plow
24:01 Scale Barding Armor
26:50 Forging
27:08 Bloodlines
27:51 Husbandry
28:40 Stone Shaft Mining
27:53 Light Cavalry
29:58 Man-at-Arms
32:13 Iron Casting
31:41 Squires
31:26 Pikeman
32:33 Scale Mail Armor
31:54 Long Swordsman
33:12 Padded Archer Armor
33:32 Fletching
34:03 Chain Barding Armor
34:38 Leather Archer Armor
35:18 Chain Mail Armor
35:15 Bodkin Arrow
35:29 Elite Skirmisher
36:13 Town Patrol
37:11 Hand Cart
36:30 Crossbowman
37:43 Ballistics
37:41 Murder Holes
41:27 Imperial Age
40:59 Masonry
41:05 Anarchy
42:38 Conscription
41:41 Halberdier
43:23 Blast Furnace
42:58 Crop Rotation
43:03 Ring Archer Armor
42:34 Bracer
44:25 Two-Man Saw
42:53 Elite Huskarl
45:53 Chemistry
45:24 Architecture
44:30 Two-Handed Swordsman
45:19 Perfusion
46:22 Champion
47:19 Cavalier
47:23 Capped Ram
48:55 Hussar
50:42 Fervor
50:53 Sanctity
53:29 Illumination
54:22 Guilds
54:46 Coinage
54:17 Caravan
59:34 Banking
62:51 Herbal Medicine
63:32 Theocracy
66:11 Devotion
65:59 Onager
67:20 Heavy Scorpion
83:13 Faith
89:07 Heavy Cavalry Archer
Felipunk
5:40 Loom
14:20 Feudal Age
14:36 Man-at-Arms
16:29 Forging
20:06 Wheelbarrow
29:34 Castle Age
29:44 Fletching
30:20 Elite Skirmisher
31:13 Pikeman
44:37 Scale Mail Armor
72:59 Hand Cart
81:05 Imperial Age
78:25 Town Watch
83:57 Town Patrol
84:50 Elite Gbeto
89:12 Iron Casting
88:36 Onager
92:30 Chain Mail Armor
92:44 Bloodlines
91:55 Light Cavalry
93:16 Husbandry
93:32 Scale Barding Armor
GeneralPique
4:50 Loom
14:06 Feudal Age
14:51 Horse Collar
15:09 Double-Bit Axe
20:34 Scale Barding Armor
21:53 Forging
22:57 Bloodlines
31:01 Castle Age
30:05 Stone Mining
30:08 Gold Mining
31:32 Light Cavalry
32:18 Husbandry
32:27 Heavy Plow
34:59 Bow Saw
43:21 Iron Casting
43:07 Chain Barding Armor
43:53 Stone Shaft Mining
46:24 Imperial Age
45:11 Szlachta Privileges
45:43 Treadmill Crane
47:37 Conscription
46:47 Winged Hussar
48:19 Crop Rotation
50:39 Blast Furnace
49:04 Cavalier
51:49 Scale Mail Armor
55:13 Ballistics
85:58 Caravan
87:31 Lechitic Legacy
Abyssus
7:06 Loom
14:22 Feudal Age
17:20 Fletching
17:39 Double-Bit Axe
28:07 Castle Age
36:55 Bodkin Arrow
38:43 Padded Archer Armor
40:20 Elite Skirmisher
41:03 Malon
43:35 Ballistics
44:03 Treadmill Crane
46:56 Wheelbarrow
46:27 Town Watch
49:18 Leather Archer Armor
51:40 Imperial Age
52:17 Scale Mail Armor
55:18 Horse Collar
55:08 Pikeman
56:20 Hand Cart
60:07 Town Patrol
72:32 Caravan
73:19 Elite Bolas Rider
74:40 Hoardings
75:28 Heavy Plow
75:40 Bow Saw
75:21 Gold Mining
79:14 Conscription
80:54 Forging
82:49 Chemistry
81:36 Champi Runner
86:22 Hoardings
87:39 Siege Engineers
90:10 Crop Rotation
89:51 Champi Warrior
90:17 Arson
Bluezote
5:18 Loom
13:20 Feudal Age
14:14 Town Watch
22:12 Wheelbarrow
22:52 Horse Collar
22:42 Man-at-Arms
31:21 Castle Age
31:45 Long Swordsman
32:48 Arson
33:35 Scale Mail Armor
40:12 Ballistics
43:32 Fortified Wall
46:59 Fletching
48:21 Bodkin Arrow
49:10 Padded Archer Armor
52:58 Pikeman
56:58 Forging
65:02 Nomads
65:51 Light Cavalry
69:30 Hand Cart
69:20 Squires
75:11 Husbandry
75:22 Bloodlines
76:00 Caravan
86:30 Double-Bit Axe
89:17 Light Cavalry
90:45 Bow Saw
93:25 Gold Mining
Josmi-Ga'lock
5:12 Loom
5:48 Loom
14:52 Feudal Age
15:17 Double-Bit Axe
15:18 Town Watch
19:10 Gold Mining
21:30 Fletching
21:49 Stone Mining
24:13 Castle Age
23:12 Scale Mail Armor
25:12 Bow Saw
25:35 Bodkin Arrow
31:00 Ballistics
32:25 Wheelbarrow
33:44 Squires
35:16 Forging
35:51 Chain Mail Armor
36:54 #83
37:26 Hand Cart
42:02 Imperial Age
43:24 Conscription
43:15 Arson
44:30 Elite Throwing Axeman
47:00 Chemistry
46:12 Masonry
46:38 Iron Casting
48:08 Hoardings
48:11 Coinage
49:53 Blast Furnace
51:19 Banking
56:37 Plate Mail Armor
55:55 Gambesons
58:36 Architecture
58:02 Murder Holes
68:48 Town Patrol
72:18 Caravan
83:33 Husbandry
83:51 Light Cavalry
84:34 Cavalier
86:24 Scale Barding Armor
88:02 Chain Barding Armor
90:37 Chivalry
Connection lost

Rejoining the realm…

Still unreachable

The connection could not be restored.

Session expired

The server has moved on; the page needs a fresh start.